 Dungeon Crawl Stone Soup version 0.28.0-53-g5a82cb258f (webtiles) character file.

Game seed: 16378723707250081467

48 Stomo the Cudgeller (level 3, 0/28 HPs)
             Began as a Demonspawn Gladiator on July 3, 2022.
             Was an Initiate of Qazlal.
             Slain by a kobold
             ... wielding a +0 short sword
              (3 damage)
             ... on level 3 of the Dungeon.
             The game lasted 00:01:36 (1838 turns).

Stomo the Cudgeller (Demonspawn Gladiator)          Turns: 1838, Time: 00:01:37

Health: 0/28       AC:  7    Str: 16    XL:     3   Next: 50%
Magic:  3/3        EV: 11    Int:  9    God:    Qazlal [......]
Gold:   89         SH:  0    Dex: 14    Spells: 2/2 levels left

rFire   . . .      SeeInvis .   a - +0 flail
rCold   . . .      Faith    .   (no shield)
rNeg    . . .      Spirit   .   k - +0 ring mail
rPois   .          Reflect  .   c - +0 helmet
rElec   .          Harm     .   g - +0 cloak
rCorr   .          Rampage  .   (no gloves)
Will    .....                   (no boots)
Stlth   +.........              (no amulet)
HPRegen 0.09/turn               (no ring)
MPRegen 0.08/turn               (no ring)

@: lethally poisoned (0 -> -4), on berserk cooldown, slowed, very slow
A: demonic magic 1
a: Renounce Religion


You were on level 3 of the Dungeon.
You worshipped Qazlal.
Qazlal was noncommittal.
You visited 1 branch of the dungeon, and saw 3 of its levels.

You collected 89 gold pieces.

Inventory:

Hand Weapons
 a - a +0 flail (weapon)
Missiles
 d - 3 throwing nets (quivered)
Armour
 b - a +0 leather armour
 c - a +0 helmet (worn)
 g - a +0 cloak (worn)
 k - a +0 ring mail (worn)
Scrolls
 e - 2 scrolls of fog {unknown}
 f - 2 scrolls of identify {unknown}
 h - a scroll of silence {unknown}
 i - a scroll of enchant armour {unknown}
 j - a scroll of teleportation {unknown}


   Skills:
 + Level 2.6 Fighting
 + Level 3.1 Maces & Flails
 - Level 1.7 Throwing
 + Level 1.2 Armour
 + Level 3.0 Dodging
 * Level 0.2 Invocations


You had 2 spell levels left.
You didn't know any spells.
Your spell library contained the following spells:

 Spells                   Type           Power      Damage    Failure   Level
 Dazzling Flash           Conj/Hex       0%         N/A       93%         3
 Agony                    Necr           0%         N/A       100%        5
 Silence                  Hex/Air        0%         N/A       100%        5


Dungeon Overview and Level Annotations

Branches:
Dungeon (2/15)

Altars:
Qazlal


Innate Abilities, Weirdness & Mutations

Spells you cast may paralyse adjacent enemies.


Message History

A kobold is nearby!
The kobold shouts!
A ball python comes into view.
The kobold throws a poisoned dart.
The poisoned dart hits you!
You are poisoned.
You see here a scroll labelled XASSEICLIRAO.
You feel sick.
The ball python hisses angrily.
A quokka comes into view.
The kobold throws a poisoned dart.
The poisoned dart misses you.
You are too injured to fight recklessly!
You feel sick.
The kobold throws a poisoned dart.
The poisoned dart hits you!
You are lethally poisoned!
You feel very sick.
* * * LOW HITPOINT WARNING * * *
You feel very sick.
The kobold throws a poisoned dart.
The poisoned dart completely misses you.
It was a potion of berserk rage.
A red film seems to cover your vision as you go berserk!
You feel yourself moving faster!
You feel mighty!
* * * LOW HITPOINT WARNING * * *
You feel sick.
The kobold throws a poisoned dart.
The poisoned dart misses you.
A rat comes into view.
You feel a strong urge to attack something.
* * * LOW HITPOINT WARNING * * *
You feel sick.
* * * LOW HITPOINT WARNING * * *
You feel sick.
The ball python bites you but does no damage.
The ball python closely misses you.
You feel your anger nearly subside.
* * * LOW HITPOINT WARNING * * *
You feel sick.
You are no longer berserk.
You are exhausted.
You feel yourself slow down. The quokka completely misses you.
The ball python misses you. The ball python barely misses you.
The kobold hits you with a +0 short sword.
You die...

####..# ##
.###.....####..
...#.....#.....
#.............
#............
##...........
#....K..r....
#...r@.......
#####...S........
##...?............
#....†............
#.[.#####..........
....# #.#........
... ##.###...### ..
###..# ...# ##...##
#.##


You could see a quokka, a ball python, a kobold and a rat.

Vanquished Creatures
  An adder (D:3)
  4 bats
  2 endoplasms (D:1)
  A giant cockroach (D:2)
  A goblin (D:1)
  2 hobgoblins
  10 jackals (D:1)
  A quokka (D:2)
  3 ball pythons
  4 frilled lizards
  2 kobolds (D:1)
  3 rats
  A spectral goblin (D:2)
35 creatures vanquished.

Notes
Turn   | Place    | Note
-------+----------+-------------------------------------------
     0 | D:1      | Stomo the Demonspawn Gladiator began the quest for the Orb.
     0 | D:1      | Reached XP level 1. HP: 16/16 MP: 1/1
   454 | D:1      | Gained mutation: Spells you cast may paralyse adjacent
                  | enemies. [demonic ancestry]
   454 | D:1      | Reached XP level 2. HP: 22/22 MP: 2/2
   881 | D:1      | Reached skill level 1 in Armour
  1246 | D:2      | Reached XP level 3. HP: 25/28 MP: 3/3
  1443 | D:2      | Found a faded altar of an unknown god.
  1478 | D:2      | Found a stormy altar of Qazlal.
  1501 | D:2      | Became a worshipper of Qazlal Stormbringer
  1790 | D:2      | You fall into a shaft and drop 1 floor!
  1838 | D:3      | Slain by a kobold

Illustrated notes

Levels and vault maps discovered:
D:1:      wander_arrival_peaceful_grave, layout_basic, st_stairs_7,
          amcnicky_mini_corridor_feature
D:2:      minmay_alternating_diamond, layout_rooms,
          dreamdust_ecumenical_altar_drowned_temple, basic_altar
D:3:      layout_rooms, nicolae_qazlal_style_of_elements

Skill      XL: |  1  2 |
---------------+-------+-----
Maces & Flails | 3 |  3.1
Armour         | 1 |  1.2
Dodging        | 3 |  3.0
Fighting       | |  2.6
Throwing       | |  1.7
Invocations    | |  0.2

Action                   || total
-------------------------++-------
Melee: Flail             ||    99
       Punch             ||     1
  Use: Potion            ||     1
Armor: Leather armour    ||    29
       Ring mail         ||    18
Dodge: Dodged            ||    86
